 Dungeon Crawl Stone Soup version 0.23.1-37-gaa34b87b72 (webtiles) character file.

Game seed: 16054145795338872438

299 Marnok the Chopper (level 6, -5/56 HPs)
             Began as a Minotaur Fighter on Mar 26, 2019.
             Slain by Eustachio
             ... wielding a +0 rapier of electrocution
              (15 damage)
             ... on level 4 of the Dungeon.
             The game lasted 00:09:26 (1659 turns).

Marnok the Chopper (Minotaur Fighter)               Turns: 1659, Time: 00:09:29

Health: -5/56      AC:  7    Str: 24      XL:     6   Next: 13%
Magic:  5/5        EV:  8    Int:  5      God:
Gold:   110        SH: 10    Dex:  9 (11) Spells: 5/5 levels left

rFire    . . .     SeeInvis .   a - +0 war axe
rCold    . . .     Gourm    .   c - +0 shield
rNeg     . . .     Faith    .   b - +0 scale mail
rPois    .         Spirit   .   (helmet restricted)
rElec    .         Reflect  .   (no cloak)
rCorr    .         Harm     .   (no gloves)
MR       .....                  (no boots)
Stlth    ..........             (no amulet)
HPRegen  0.18/turn              t - +3 ring of strength
MPRegen  0.09/turn              (no ring)

@: about to teleport
A: retaliatory headbutt, horns 2
a: no special abilities


You were on level 4 of the Dungeon.
You were hungry.

You visited 1 branch of the dungeon, and saw 4 of its levels.

You collected 110 gold pieces.

Inventory:

Hand Weapons
 a - a +0 war axe (weapon)
 i - a +0 short sword of freezing
 l - a +2 flail of crushing
Armour
 b - a +0 scale mail (worn)
 c - a +0 shield (worn)
 r - a +0 shield
Jewellery
 e - a +3 ring of intelligence {unknown}
 t - a +3 ring of strength (left hand)
Scrolls
 g - a scroll of identify
 j - a scroll of enchant weapon {unknown}
 k - a scroll of teleportation
 m - a scroll of enchant armour {unknown}
 o - a scroll of immolation {unknown}
 p - a scroll of amnesia {unknown}
 q - a scroll of magic mapping
Potions
 d - 2 potions of might
Comestibles
 f - 7 rations
 h - 3 chunks of flesh


   Skills:
 + Level 5.0 Fighting
 + Level 5.1 Axes
 + Level 4.3 Armour
 + Level 1.7 Dodging
 + Level 4.9 Shields


You had 5 spell levels left.
You didn't know any spells.
Your spell library was empty.

Dungeon Overview and Level Annotations

Branches:
Dungeon (4/15)
 Temple: D:4-7

Altars:
Sif Muna

Annotations:
D:4 Eustachio, Ijyb


Innate Abilities, Weirdness & Mutations

You reflexively headbutt those who attack you in melee.
You have a pair of horns on your head.


Message History

The quasit claws you. You block Eustachio's attack.
The white imp gestures at you. The puff of frost hits you!
The river rat bites you!
* * * LOW HITPOINT WARNING * * *
Found 17 gold pieces.
As you read the scroll labeled NYGES MEPSO, it crumbles to dust.
You feel strangely unstable.
It was a scroll of teleportation.
You block the quasit's attack.
The quasit claws you but does no damage.
The quasit barely misses you. Eustachio completely misses you.
You block the white imp's attack. The river rat closely misses you.
As you read the scroll labeled HOIHUI JEHEQU, it crumbles to dust.
You feel blessed for a moment.
It was a scroll of remove curse.
The quasit closely misses you.
The quasit claws you but does no damage.
The quasit claws you.
* * * LOW HITPOINT WARNING * * *
Eustachio hits you but does no damage.
You are electrocuted!
You die...

$. .# .#
########.###
#..........#
#..........####
#.......r......
#.....5@@..#
#......5...#
#..........#
#..........#
#......<...#
#..........#
############


You could see Eustachio, a quasit, a river rat and a white imp.

Vanquished Creatures
  A phantom (D:2)
  2 orc priests
  Jessica (D:2)
  2 orc wizards (D:2)
  A gnoll (D:1)
  An adder (D:3)
  2 dart slugs (D:2)
  A leopard gecko (D:2)
  4 orcs
  2 giant cockroaches
  5 hobgoblins
  2 jackals (D:1)
  8 kobolds
  A ball python (D:1)
  12 bats
  3 frilled lizards (D:2)
  7 goblins
  4 rats
59 creatures vanquished.

Notes
Turn   | Place    | Note
-------+----------+-------------------------------------------
     0 | D:1      | Marnok the Minotaur Fighter began the quest for the Orb.
     0 | D:1      | Reached XP level 1. HP: 19/19 MP: 0/0
    88 | D:1      | Reached XP level 2. HP: 26/27 MP: 1/1
   386 | D:1      | Reached XP level 3. HP: 33/33 MP: 2/2
   478 | D:2      | Noticed a phantom
   506 | D:2      | Killed a phantom
   506 | D:2      | Reached skill level 1 in Dodging
   506 | D:2      | Reached XP level 4. HP: 22/41 MP: 3/3
   721 | D:2      | Noticed Jessica
   726 | D:2      | Killed Jessica
   726 | D:2      | Reached XP level 5. HP: 47/47 MP: 4/4
  1130 | D:2      | Reached skill level 5 in Fighting
  1246 | D:2      | Reached skill level 5 in Axes
  1354 | D:3      | Reached XP level 6. HP: 24/56 MP: 5/5
  1530 | D:3      | Found a deep blue altar of Sif Muna.
  1641 | D:4      | Noticed Ijyb
  1648 | D:4      | Noticed Eustachio
  1659 | D:4      | Slain by Eustachio

Skill      XL: |  1  2  3  4  5 |
---------------+----------------+-----
Shields        | 4 |  4.9
Fighting       | 4 5 |  5.0
Axes           | 3 4 5 |  5.1
Armour         | 4 |  4.3
Dodging        | 1 |  1.7

Action                   |  1- 3 |  4- 6 || total
-------------------------+-------+-------++-------
Melee: War axe           |    86 |    77 ||   163
       Headbutt          |    12 |    16 ||    28
  Use: Potion            |       |     5 ||     5
       Scroll            |       |     5 ||     5
  Eat: Chunk             |       |     2 ||     2
Armor: Scale mail        |    65 |    35 ||   100
Dodge: Dodged            |    35 |    35 ||    70
Block: Shield            |    63 |    61 ||   124
